 Dungeon Crawl Stone Soup version 0.25-a0-796-gd415a3ffb0 (webtiles) character file.

Game seed: 6734282531656787794, levelgen mode: deterministic

1163 mortelune the Covered (level 8, 0/61 HPs)
             Began as a Formicid Arcane Marksman on Apr 18, 2020.
             Was a Believer of Zin.
             Succumbed to a killer bee's poison
             ... on level 6 of the Dungeon.
             The game lasted 00:20:52 (7525 turns).

mortelune the Covered (Formicid Arcane Marksman)    Turns: 7525, Time: 00:20:52

Health: 0/61       AC: 15    Str: 17    XL:     8   Next: 67%
Magic:  9/9        EV:  6    Int: 13    God:    Zin [**....]
Gold:   181        SH:  0    Dex: 11    Spells: 8/9 levels left

rFire    + . .     SeeInvis +   b - +0 flail
rCold    + . .     Gourm    .   (no shield)
rNeg     . . .     Faith    .   q - +0 plate armour
rPois    +         Spirit   .   (helmet unavailable)
rElec    +         Reflect  .   l - +2 cloak
rCorr    +         Harm     .   (no gloves)
MR       .....                  (no boots)
Stlth    ..........             (no amulet)
HPRegen  0.20/turn              F - ring of resist corrosion
MPRegen  0.11/turn              n - ring of stealth

@: mighty, lethally poisoned (0 -> -5), resistant, starving
A: permanent stasis, dig shafts and tunnels, four strong arms, antennae 3
a: Dig, Shaft Self, Recite, Vitalisation, Donate Gold, Renounce Religion


You were on level 6 of the Dungeon.
You worshipped Zin.
Zin was pleased with you.
You were starving.

You visited 2 branches of the dungeon, and saw 8 of its levels.
You also visited: Sewer.

You collected 321 gold pieces.
You spent 120 gold pieces at shops.
You donated 20 gold pieces to Zin.

Inventory:

Hand Weapons
 a - a +1 hand crossbow
 b - a +0 flail (weapon)
 c - a +2 dagger of freezing
 v - a +0 club
Missiles
 d - 46 bolts
 w - 32 poisoned darts (quivered)
 x - 8 atropa-tipped darts
Armour
 e - a +0 robe
 l - a +2 cloak (worn)
 m - a +2 cloak
 q - a +0 plate armour (worn)
 E - a +0 tower shield
Jewellery
 i - an uncursed ring of protection from cold
 n - a ring of stealth (right hand)
 F - a ring of resist corrosion (left hand)
 H - an uncursed ring of protection from cold
 I - a cursed ring of teleportation
Wands
 J - a wand of iceblast (8)
Scrolls
 h - 2 scrolls of noise
 k - 3 scrolls of remove curse
 r - 2 scrolls of fear {unknown}
 t - 2 scrolls of fog {unknown}
 u - a scroll of immolation {unknown}
 A - 2 scrolls of enchant armour
 C - a scroll of amnesia
 D - a scroll of brand weapon {unknown}
Potions
 g - a potion of flight
 p - 2 potions of might
 z - a potion of lignification
 B - a potion of brilliance
Comestibles
 f - 6 rations


   Skills:
 + Level 4.3 Fighting
 * Level 4.9 Maces & Flails
 - Level 4.7 Crossbows
 * Level 5.4 Armour
 - Level 2.3 Dodging
 - Level 1.1 Spellcasting
 - Level 4.1 Hexes
 + Level 0.3 Invocations


You had 8 spell levels left.
You knew the following spells:

 Your Spells              Type           Power        Failure   Level  Hunger
a - Corona                Hex            ##.....      91%         1    ##.....

Your spell library contained the following spells:

 Spells                   Type           Power        Failure   Level  Hunger
 Slow                     Hex            ##......     97%         2    ###....
 Inner Flame              Hex/Fire       #.......     100%        3    ####...
 Portal Projectile        Hex/Tloc       #.....       100%        3    ####...
 Cause Fear               Hex            ##........   100%        4    #####..
 Leda's Liquefaction      Hex/Erth       #.........   100%        4    #####..


Dungeon Overview and Level Annotations

Branches:
Dungeon (7/15)             Temple (1/1) D:6           Sewer (visited)

Altars:
Ashenzari
Dithmenos
Fedhas
Gozag
Makhleb
Nemelex Xobeh
Okawaru
Qazlal
Sif Muna
Trog
Vehumet
Yredelemnul
Zin
The Shining One

Shops:
D:6 *

Annotations:
D:6 1 runed translucent door, Crazy Yiuf


Innate Abilities, Weirdness & Mutations

You cannot be hasted, slowed, berserked, paralysed or teleported.
You can dig through walls and to a lower floor.
Your four strong arms can wield two-handed weapons with a shield.
You have a pair of large antennae on your head. (SInv)


Message History

The killer bee stings you but does no damage. x2
The killer bee stings you.
* * * LOW HITPOINT WARNING * * *
The killer bee stings you.
* * * LOW HITPOINT WARNING * * *
You miss the killer bee.
The killer bee is almost dead.
* * * LOW HITPOINT WARNING * * *
You feel sick.
The killer bee stings you but does no damage. x2
The killer bee barely misses you. x2
The killer bee stings you but does no damage.
You closely miss the killer bee.
The killer bee is almost dead.
* * * LOW HITPOINT WARNING * * *
You feel sick. The killer bee barely misses you.
The killer bee closely misses you. The killer bee barely misses you. x2
You closely miss the killer bee.
The killer bee is almost dead.
You die...

#.#....###.##.##............# #.#
#.............##.....>......###.#
#...#..###.##.######.............
.................# #.#####.####.#
............#.##.# #.#####.####.#
.#..#..###.##.##.###............#
.......# #.##.....(..#####.######
.#..##.###.##.##y........#.######
.........#.##.##@................
.#.........##.##.y.......#.######
.#..##.#.........................
...........##.##.###..####.######
.#............##.# #..# #.#
.#..####..######.# #..# #.#
.#....##..######.###..## #.#
.......................# #.#
.................##...####.#


You could see 2 killer bees.

Vanquished Creatures
  A hornet zombie (D:6)
  An ice beast (D:6)
  A phantom (D:4)
  An ogre (D:5)
  3 centaurs
  A big kobold (Sewer)
  A killer bee (D:6)
  A howler monkey (D:6)
  A crimson imp (D:5)
  A hound (D:6)
  A centaur skeleton (D:4)
  Jessica (D:3)
  An iguana (D:5)
  3 worker ants
  A killer bee zombie (D:5)
  A hound zombie (D:6)
  4 adders
  8 worms
  5 dart slugs
  3 leopard geckos
  8 orcs
  4 giant cockroaches
  7 goblins
  6 hobgoblins
  5 jackals
  10 kobolds
  3 quokkas (D:2)
  8 bats
  3 frilled lizards
  A giant cockroach zombie (D:5)
  A leopard gecko zombie (D:5)
  13 rats
109 creatures vanquished.

Notes
Turn   | Place    | Note
-------+----------+-------------------------------------------
     0 | D:1      | mortelune the Formicid Arcane Marksman began the quest for
                  | the Orb.
     0 | D:1      | Reached XP level 1. HP: 15/15 MP: 2/2
   121 | D:1      | Reached XP level 2. HP: 21/21 MP: 3/3
   539 | D:1      | Reached XP level 3. HP: 26/26 MP: 4/4
   983 | D:2      | Reached XP level 4. HP: 33/33 MP: 5/5
  1066 | D:2      | Found an opulent altar of Gozag.
  1148 | D:2      | Found a shimmering blue altar of Sif Muna.
  1784 | D:3      | Noticed Jessica
  1787 | D:3      | Killed Jessica
  1787 | D:3      | Reached skill level 1 in Armour
  1787 | D:3      | Reached XP level 5. HP: 34/38 MP: 6/6
  1807 | D:3      | Reached skill level 1 in Maces & Flails
  2680 | D:4      | Reached skill level 2 in Armour
  3057 | D:4      | Noticed a phantom
  3131 | D:4      | Killed a phantom
  3131 | D:4      | Reached XP level 6. HP: 24/46 MP: 7/7
  3323 | D:4      | You fall into a shaft and drop 2 floors!
  3411 | D:6      | Found a glowing drain.
  3438 | Sewer    | Entered a sewer
  3840 | Sewer    | Reached skill level 3 in Armour
  3898 | Sewer    | Found a white marble altar of Elyvilon.
  4021 | Sewer    | Became a worshipper of Elyvilon the Healer
  4070 | D:6      | Reached XP level 7. HP: 44/52 MP: 8/8
  4264 | D:5      | Entered Level 5 of the Dungeon
  4837 | D:5      | Reached skill level 4 in Armour
  5180 | D:5      | Found a stormy altar of Qazlal.
  5294 | D:5      | Reached XP level 8. HP: 45/60 MP: 9/9
  5394 | D:5      | Reached * piety under Elyvilon
  5858 | D:6      | Found Nockabre's Assorted Antiques.
  6092 | D:6      | Bought a scroll labeled MYEZATODIE for 20 gold pieces
  6092 | D:6      | Bought an onyx ring for 100 gold pieces
  6127 | D:6      | Found a staircase to the Ecumenical Temple.
  6182 | D:6      | Reached skill level 5 in Armour
  6588 | D:6      | Reached ** piety under Elyvilon
  6668 | D:6      | Found a runed translucent door.
  6669 | D:6      | Noticed Crazy Yiuf
  6962 | Temple   | Entered the Ecumenical Temple
  7103 | Temple   | Fell from the grace of Elyvilon
  7103 | Temple   | Became a worshipper of Zin the Law-Giver
  7103 | Temple   | Reached * piety under Zin
  7103 | Temple   | Reached ** piety under Zin
  7522 | D:6      | HP: 3/61 [killer bee (6)]
  7524 | D:6      | HP: 1/61 [poisoned by a killer bee]
  7525 | D:6      | Succumbed to a killer bee's poison

Levels and vault maps discovered:
D:1:      shiori_arrival_maze, layout_loops_corners, minmay_misc_feat_cross,
          minmay_ruptured
D:2:      layout_rooms, old_standard_altar, lemuel_crystal_altar,
          bh_walls_and_bars
D:3:      layout_basic, first_ration, small_statue_intersection, uniq_jessica
D:4:      layout_basic
D:5:      layout_gridville, grunt_qazlal_clouds
D:6:      layout_basic, minmay_temple_entry_arrows, cheibrodos_sewer_entry_bend,
          serial_shops, nicolae_shop_trees, uniq_crazy_yiuf_cottage
D:7:      layout_basic, enter_ossuary_4
Temple:   minmay_temple_bridge_abc

Skill      XL: |  1  2  3  4  5  6  7  8 |
---------------+-------------------------+-----
Dodging        | 2 |  2.3
Hexes          | 4 |  4.1
Crossbows      | 3 4 |  4.7
Fighting       | 2 3 4 |  4.3
Armour         | 1 2 3 4 5 |  5.4
Maces & Flails | 2 4 |  4.9
Spellcasting   | |  1.1
Invocations    | |  0.3

Action                   |  1- 3 |  4- 6 |  7- 9 || total
-------------------------+-------+-------+-------++-------
Melee: Club              |    49 |    20 |       ||    69
       Flail             |       |   204 |   241 ||   445
 Fire: Hand crossbow     |    45 |    55 |    31 ||   131
Throw: Dart              |       |    14 |     7 ||    21
 Cast: Corona            |     1 |       |       ||     1
Invok: Lesser Healing    |       |       |     1 ||     1
 Abil: Dig               |       |     2 |       ||     2
  Use: Scroll            |     4 |     8 |     1 ||    13
       Potion            |       |     4 |     8 ||    12
 Stab: Sleeping          |     1 |       |       ||     1
  Eat: Chunk             |       |    10 |     7 ||    17
       Ration            |       |       |     1 ||     1
Armor: Robe              |    38 |       |       ||    38
       Plate armour      |       |   190 |   261 ||   451
Dodge: Dodged            |    77 |    67 |   109 ||   253

Table legend:
 A = Non-vault XP
 B = Vault XP
 C = Vault XP percentage of total XP
 D = Non-vault monster count
 E = Vault monster count
 F = Vault count percentage of total count
                 A         B        C        D         E       F
            +---------+---------+-------+---------+---------+-------
      Total |    1489 |     173 |  10.4 |      89 |      20 |  18.3
            +---------+---------+-------+---------+---------+-------
        D:1 |      32 |      15 |  31.9 |      18 |       5 |  21.7
        D:2 |      47 |       0 |   0.0 |      17 |       0 |   0.0
        D:3 |      35 |      37 |  51.4 |      17 |       1 |   5.6
        D:4 |     210 |       0 |   0.0 |       6 |       0 |   0.0
        D:5 |     471 |       0 |   0.0 |      19 |       0 |   0.0
        D:6 |     685 |       4 |   0.6 |       9 |       1 |  10.0
        D:7 |       9 |       0 |   0.0 |       3 |       0 |   0.0
      Sewer |       0 |     117 | 100.0 |       0 |      13 | 100.0
            +---------+---------+-------+---------+---------+-------
